 Dungeon Crawl Stone Soup version 0.27-a0-1202-ge72e49191c (webtiles) character file.

Game seed: 2858536883111817849

17 Glokmah the Shooter (level 2, 18/18 HPs)
             Began as a Gargoyle Hunter on June 4, 2021.
             Was a Follower of Yredelemnul.
             Quit the game on level 1 of the Dungeon.
             The game lasted 00:01:16 (824 turns).

Glokmah the Shooter (Gargoyle Hunter)                Turns: 824, Time: 00:01:16

Health: 18/18      AC:  6    Str: 15    XL:     2   Next: 62%
Magic:  2/2        EV: 11    Int: 11    God:    Yredelemnul [*.....]
Gold:   57         SH:  0    Dex: 10    Spells: 1/1 levels left

rFire    . . .     SeeInvis .   a - +1 shortbow
rCold    . . .     Faith    .   (shield currently unavailable)
rNeg     + . .     Spirit   .   c - +0 leather armour
rPois    ∞         Reflect  .   i - +0 helmet
rElec    +         Harm     .   (no cloak)
rCorr    .         Rampage  .   (no gloves)
Will     .....                  (no boots)
Stlth    +.........             (no amulet)
HPRegen  0.06/turn              (no ring)
MPRegen  0.08/turn              (no ring)

@: no status effects
A: sickness immunity, AC +2, negative energy resistance 1, electricity
resistance, torment resistance 1, petrification resistance
a: Renounce Religion, Animate Remains


You were on level 1 of the Dungeon.
You worshipped Yredelemnul.
Yredelemnul was aware of your devotion.
You visited 1 branch of the dungeon, and saw 1 of its levels.

You collected 57 gold pieces.

Inventory:

Hand Weapons
 a - a +1 shortbow (weapon)
 b - a +0 short sword
Missiles
 d - 37 arrows (quivered ammo)
 g - 6 boomerangs
Armour
 c - a +0 leather armour (worn)
 i - a +0 helmet (worn)
Jewellery
 k - an amulet of guardian spirit
Scrolls
 e - 2 scrolls of teleportation {unknown}
Potions
 f - a potion of brilliance {unknown}
 h - a potion of heal wounds {unknown}
 j - a potion of magic {unknown}


   Skills:
 + Level 2.6 Fighting
 * Level 4.5 Bows
 - Level 1.5 Dodging
 - Level 1.1 Stealth


You had one spell level left.
You didn't know any spells.
Your spell library was empty.

Dungeon Overview and Level Annotations

Branches:
Dungeon (1/15)

Altars:
Yredelemnul


Innate Abilities, Weirdness & Mutations

You are immune to sickness and miasma.
Your stone body is resilient. (AC +2)
You are immune to poison.
You resist negative energy. (rN+)
You are resistant to electric shocks. (rElec)
You are resistant to unholy torment.
You are immune to petrification.


Message History

There is an open door here.
Found a stone staircase leading down.
e - 2 scrolls labelled CUSHRE NUOG (gained 1)
There is a stone staircase leading down here.
You open the door.
A kobold comes into view. It is wielding a +0 dagger.
Fire: 37 arrows
Press: ? - help, Q - select action, (/) - cycle Shift-Dir - straight line, f - kobold
Aim: a kobold, wielding a +0 dagger (asleep, 98% to hit)
You shoot an arrow. The arrow hits the kobold.
The kobold is moderately wounded.
Fire: 36 arrows
Press: ? - help, Q - select action, (/) - cycle Shift-Dir - straight line, f/p - kobold
Aim: a kobold, wielding a +0 dagger (moderately wounded, 53% to hit)
You shoot an arrow. The arrow barely misses the kobold.
Fire: 35 arrows
Press: ? - help, Q - select action, (/) - cycle Shift-Dir - straight line, f/p - kobold
Aim: a kobold, wielding a +0 dagger (moderately wounded, 53% to hit)
You shoot an arrow. The arrow closely misses the kobold.
Fire: 34 arrows
Press: ? - help, Q - select action, (/) - cycle Shift-Dir - straight line, f/p - kobold
Aim: a kobold, wielding a +0 dagger (moderately wounded, 53% to hit)
You shoot an arrow. The arrow hits the kobold.
You kill the kobold!
Found a faded altar of an unknown god.
There is an open door here.
d - 34 arrows (gained 1)
You see here a +0 dagger.
d - 35 arrows (gained 1)
d - 37 arrows (gained 2)
There is a faded altar of an unknown god here.
You cannot tell which god this altar belongs to.
Convert to them anyway?
Yredelemnul accepts your prayer! Yredelemnul welcomes you!
You can now animate remains.
Saving game... please wait.
Welcome back, Glokmah the Gargoyle Hunter.
Yredelemnul says: Carry the black torch!
Rouse the idle dead!
Press ? for a list of commands and other information.
Are you sure you want to abandon this character and quit the game? (Confirm with "yes".)

##.##...####.####.#
#...............#.#
#........####.##.#.#
........##### #.)....# #.#####.##
##.....# # #.##### #.#.#.# ..
##.....## #...#.# #.# #...♣♣..#
#..##.# #.# ##...@P.P# #.....#
####.### ##.....P.P# ###.####
.......# ##....P..P.# ##.#.#
##....###......PP.####....######
#.......'.).......+.............
.##....###.........####....######
.......# ##.......## ##.#.#
####.### ##.....## ###.# #.#
##...## #.#


There were no monsters in sight!

Vanquished Creatures
  3 ball pythons (D:1)
  A bat (D:1)
  An endoplasm (D:1)
  2 giant cockroaches (D:1)
  A goblin (D:1)
  2 hobgoblins (D:1)
  2 jackals (D:1)
  A frilled lizard (D:1)
  A kobold (D:1)
14 creatures vanquished.

Notes
Turn   | Place    | Note
-------+----------+-------------------------------------------
     0 | D:1      | Glokmah the Gargoyle Hunter began the quest for the Orb.
     0 | D:1      | Reached XP level 1. HP: 12/12 MP: 1/1
   238 | D:1      | Reached XP level 2. HP: 13/18 MP: 2/2
   809 | D:1      | Found a faded altar of an unknown god.
   823 | D:1      | Became a worshipper of Yredelemnul the Dark
   823 | D:1      | Reached * piety under Yredelemnul
   824 | D:1      | Quit the game

Illustrated notes

Levels and vault maps discovered:
D:1:      ncdulo_halloftheorcs, layout_loops_corners,
          ebering_ecumenical_altar_petrified, minmay_shallow_snake_nest

Action                   || total
-------------------------++-------
Melee: Short sword       ||    18
 Fire: Shortbow          ||    20
Armor: Leather armour    ||     6
Dodge: Dodged            ||    16

Table legend: (Time is in decaauts)
 A = Elapsed time spent in this place.
 B = Non-inter-level travel time spent in this place.
 C = Inter-level travel time spent in this place.
 D = Time resting spent in this place.
 E = Time spent auto-exploring this place.
 F = Levels seen in this place.
 G = Mean time per level.
                   A        B        C        D        E       F      G
               +--------+--------+--------+--------+--------+-----+--------+
         Total |    824 |    824 |      0 |      0 |    656 |   1 |  824.0 |
       Dungeon |    824 |    824 |      0 |      0 |    656 |   1 |  824.0 |
               +--------+--------+--------+--------+--------+-----+--------+

Top non-repeatable levels by time:
     D:1: 824 daAuts
